 Dungeon Crawl Stone Soup version 0.26-a0-707-g31817bc (webtiles) character file.

Game seed: 11885770923438519943

29 Mopster the Chopper (level 3, 33/33 HPs)
             Began as a Minotaur Berserker on Oct 26, 2020.
             Was a Follower of Trog.
             Quit the game on level 1 of the Dungeon.
             The game lasted 00:01:38 (638 turns).

Mopster the Chopper (Minotaur Berserker)             Turns: 638, Time: 00:01:38

Health: 33/33      AC:  3    Str: 21    XL:     3   Next: 1%
Magic:  2/2        EV: 12    Int:  4    God:    Trog [*.....]
Gold:   40         SH:  0    Dex: 10    Spells: 2/2 levels left

rFire    . . .     SeeInvis .   j - +0 hand axe (curse)
rCold    . . .     Faith    .   (no shield)
rNeg     . . .     Spirit   .   b - +1 animal skin
rPois    .         Reflect  .   (helmet restricted)
rElec    .         Harm     .   (no cloak)
rCorr    .         Rampage  .   (no gloves)
MR       .....                  (no boots)
Stlth    +.........             c - amulet of magic regeneration (curse)
HPRegen  0.11/turn              (no ring)
MPRegen  0.33/turn              (no ring)

@: no status effects
A: retaliatory headbutt, horns 2
a: Berserk, Renounce Religion


You were on level 1 of the Dungeon.
You worshipped Trog.
Trog was aware of your devotion.
You visited 1 branch of the dungeon, and saw 1 of its levels.

You collected 40 gold pieces.

Inventory:

Hand Weapons
 a - a +0 hand axe
 j - a cursed +0 hand axe (weapon)
Armour
 b - a +1 animal skin (worn)
Jewellery
 c - a cursed amulet of magic regeneration (around neck)
 d - an uncursed amulet of regeneration {unknown}
 l - an uncursed ring of wizardry {unknown}
Scrolls
 g - a scroll of fog
 h - a scroll of teleportation
Potions
 f - a potion of might {unknown}
 i - a potion of ambrosia {unknown}
 m - a potion of brilliance {unknown}


   Skills:
 + Level 4.2 Fighting
 + Level 4.3 Axes
 + Level 2.6 Armour
 + Level 2.3 Dodging


You had 2 spell levels left.
You didn't know any spells.
Your spell library was empty.

Dungeon Overview and Level Annotations

Branches:
Dungeon (1/15)

Altars:


Innate Abilities, Weirdness & Mutations

You reflexively headbutt those who attack you in melee.
You have a pair of horns on your head.


Message History

n - a scroll labeled WIJEUCU XUME
o - a scroll labeled DUHAZAAMUL
Found 11 sling bullets.
You see here 11 sling bullets.
Partly explored, can't reach some items.
As you read the scroll labeled YNOLISHREIRPH, it crumbles to dust.
It is a scroll of identify.
g - a scroll of fog Unknown command.
As you read the scroll of identify, it crumbles to dust.
h - a scroll of teleportation
As you read the scroll labeled HYMENG SUAM, it crumbles to dust.
It is a scroll of enchant armour.
Your +0 animal skin glows green for a moment.
As you read the scroll labeled WIJEUCU XUME, it crumbles to dust.
You feel momentarily disoriented.
It was a scroll of magic mapping.
Unknown command.
As you read the scroll labeled DUHAZAAMUL, it crumbles to dust.
The dust glows luminous aubergine!
It was a scroll of random uselessness.
Are you sure you want to abandon this character and quit the game? (Confirm with "yes".)

#.####### #.# #.# #.#
#.####### #.# #
#.##....####.#########
#............##.......
#..≈≈≈.(........######
#..≈!≈.......####
##.≈≈≈.........#
#...@.......#.#####
####...####.#.....###
##### #...###..#.
###.####... #..# ##..
##.## #.. #..# ###
##.## #..#


There were no monsters in sight!

Vanquished Creatures
  A gnoll (D:1)
  A dart slug (D:1)
  A giant cockroach (D:1)
  2 goblins (D:1)
  3 hobgoblins (D:1)
  2 kobolds (D:1)
  3 bats (D:1)
  4 rats (D:1)
17 creatures vanquished.

Notes
Turn   | Place    | Note
-------+----------+-------------------------------------------
     0 | D:1      | Mopster the Minotaur Berserker began the quest for the Orb.
     0 | D:1      | Reached XP level 1. HP: 19/19 MP: 0/0
    99 | D:1      | Reached XP level 2. HP: 27/27 MP: 1/1
   496 | D:1      | Reached XP level 3. HP: 31/33 MP: 2/2
   638 | D:1      | Quit the game

Illustrated notes

Levels and vault maps discovered:
D:1:      eino_arrival_cavern_c, layout_rooms, corexii_item_surrounded_by_moat,
          chequers_decorated_corner, minmay_misc_feat_tiny, feat_on_display

Skill      XL: |  1 |
---------------+----+-----
Fighting       | 4 |  4.2
Axes           | 4 |  4.3
Armour         | |  2.6
Dodging        | |  2.3

Action                   || total
-------------------------++-------
Melee: Hand axe          ||    31
       Headbutt          ||     1
Invok: Berserk           ||     1
  Use: Scroll            ||     5
Armor: Animal skin       ||     3
Dodge: Dodged            ||    23

Table legend: (Time is in decaauts)
 A = Elapsed time spent in this place.
 B = Non-inter-level travel time spent in this place.
 C = Inter-level travel time spent in this place.
 D = Time resting spent in this place.
 E = Time spent auto-exploring this place.
 F = Levels seen in this place.
 G = Mean time per level.
                   A        B        C        D        E       F      G
               +--------+--------+--------+--------+--------+-----+--------+
         Total |    649 |    624 |     25 |      0 |    506 |   1 |  649.0 |
       Dungeon |    649 |    624 |     25 |      0 |    506 |   1 |  649.0 |
               +--------+--------+--------+--------+--------+-----+--------+

Top non-repeatable levels by time:
     D:1: 649 daAuts
